 Dungeon Crawl Stone Soup version 0.21.1-1-g345015f (webtiles) character file.

111 inc the Ducker (level 4, 0/21 HPs)
             Began as a Felid Chaos Knight on Feb 23, 2018.
             Succumbed to a worker ant's poison
             ... on level 4 of the Dungeon.
             The game lasted 00:04:38 (2500 turns).

inc the Ducker (Felid Chaos Knight)                 Turns: 2500, Time: 00:04:39

Health: 0/21       AC:  1    Str:  8    XL:     4   Next: 62%
Magic:  5/5        EV: 21    Int: 14    God:    Xom [......]
Gold:   171        SH:  0    Dex: 15    Spells: 3/3 levels left
                                        Lives:  0   Deaths: 1

rFire    . . .     SeeInvis +     - Unarmed
rCold    + . .     Gourm    .   (shield unavailable)
rNeg     . . .     Faith    .   (armour unavailable)
rPois    .         Spirit   .   (helmet unavailable)
rElec    .         Reflect  .   (cloak unavailable)
rCorr    .         Harm     .   (gloves unavailable)
MR       .....                  (boots unavailable)
Stlth    +++.......             (no amulet)
HPRegen  0.07/turn              i - ring of protection from cold
MPRegen  0.09/turn              (no ring)

@: lethally poisoned (0 -> -5), quick
A: very small, no armour, no weapons or thrown items, stealth, claws 1, fangs 3,
see invisible, carnivore, speed 1, shaggy fur 1, slow metabolism 1, sharp paws
a: Renounce Religion


You were on level 4 of the Dungeon.
You worshipped Xom.
You were a very special plaything of Xom.
You were not hungry.

You visited 1 branch of the dungeon, and saw 4 of its levels.

You collected 171 gold pieces.

Inventory:

Jewellery
 i - a ring of protection from cold (left paw)
Scrolls
 b - 4 scrolls of enchant weapon {unknown}
 d - 2 scrolls of identify {unknown}
 e - a scroll of enchant armour {unknown}
 f - a scroll of fear {unknown}
 g - 5 scrolls of remove curse {unknown}
 h - a scroll of immolation {unknown}
 l - a scroll of noise {unknown}
 m - a scroll of fog {unknown}
Books
 k - a book of Misfortune

   Spells                             Type                      Level
   a - Confusing Touch                Hexes                        1
   b - Confuse                        Hexes                        3
   c - Gell's Gravitas                Translocation                3
   d - Petrify                        Transmutation/Earth          4
   e - Metabolic Englaciation         Hexes/Ice                    5
   f - Yara's Violent Unravelling     Hexes/Transmutation          5
Comestibles
 a - 7 rations


   Skills:
 - Level 3.0 Fighting
 - Level 6.1 Dodging
 + Level 4.5 Stealth
 - Level 3.0 Unarmed Combat


You had 3 spell levels left.
You didn't know any spells.

Dungeon Overview and Level Annotations

Branches:
Dungeon (4/15)
 Temple: D:4-7

Altars:
Cheibriados
Dithmenos
Uskayaw

Annotations:
D:2 Terence


Innate Abilities, Weirdness & Mutations

You cannot wear armour.
You are incapable of wielding weapons or throwing items.
Your paws allow you to move quietly. (Stealth)
You have sharp claws.
You have razor-sharp teeth.
You have supernaturally acute eyesight. (SInv)
You are carnivorous and can eat meat at any time.
You cover ground quickly.
You are covered in fur. (AC +1)
You have a slow metabolism.
Your sharp claws are effective at attacking unaware monsters.


Message History

The worker ant is severely wounded.
The worker ant bites you.
* * * LOW HITPOINT WARNING * * *
You are lethally poisoned!
The worker ant poisons you!
You scratch the worker ant.
You kill the worker ant!
* * * LOW HITPOINT WARNING * * *
You feel sick.
You aren't carrying any potions.
There is a lethal amount of poison in your body!
There is a lethal amount of poison in your body!
* * * LOW HITPOINT WARNING * * *
You feel sick.
* * * LOW HITPOINT WARNING * * *
You feel sick.
* * * LOW HITPOINT WARNING * * *
You feel sick.
You die...
Xom is highly amused!

#..# ..### ...#...#
#...# #.......# #.#.#
#.....#.### #.#.#
#....#(.. #...###
#.....#
#....####....## #
#.##....#..#†.#.#
##.#####.....@...###.
#...# ###...........
#...# #...###....#
####...# #...# ...#
.......# #...# ..#
###....# #...# .#
##...# #...# # #...#
#...# #...# #...#


There were no monsters in sight!

Vanquished Creatures
  A bullfrog skeleton (D:4)
  2 worker ants (D:4)
  5 adders
  4 dart slugs (D:1)
  An orc (D:4)
  A giant cockroach (D:1)
  3 hobgoblins
  6 kobolds
  2 quokkas
  2 ball pythons (D:3)
  11 bats
  2 frilled lizards (D:1)
  4 goblins
  A quokka skeleton (D:4)
  5 rats
50 creatures vanquished.

Notes
Turn   | Place    | Note
-------+----------+-------------------------------------------
     0 | D:1      | inc the Felid Chaos Knight began the quest for the Orb.
     0 | D:1      | Reached XP level 1. HP: 10/10 MP: 2/2
   138 | D:1      | Reached skill level 4 in Dodging
   278 | D:1      | Reached XP level 2. HP: 14/14 MP: 3/3
   371 | D:1      | XOM: noise
   386 | D:1      | XOM: polymorph kobold -> rat
   571 | D:1      | XOM: mild Tmut miscast
   631 | D:1      | Reached skill level 5 in Dodging
   774 | D:1      | Reached XP level 3. HP: 16/17 MP: 4/4
   910 | D:2      | Found a shadowy altar of Dithmenos.
  1097 | D:2      | XOM: 3-stop teleportation journey
  1328 | D:2      | Found a hide-covered altar of Uskayaw.
  1374 | D:2      | Reached skill level 6 in Dodging
  1377 | D:2      | XOM: harmless Chrm miscast
  1453 | D:2      | Noticed Terence
  1587 | D:2      | XOM: divination: detect items
  1663 | D:3      | Reached XP level 4. HP: 21/21 MP: 5/5
  1677 | D:3      | Reached skill level 1 in Stealth
  1761 | D:3      | XOM is BORED!
  1761 | D:3      | XOM: medium Chrm miscast
  1770 | D:3      | XOM: 4-stop teleportation journey
  1798 | D:3      | XOM: mild Summ miscast
  2177 | D:3      | Found a snail-covered altar of Cheibriados.
  2351 | D:4      | XOM: 1-stop teleportation journey
  2443 | D:4      | XOM: summons 2 hostile demons
  2444 | D:4      | Noticed a sun demon
  2446 | D:4      | Slain by a sun demon
  2447 | D:4      | Reached XP level 3. HP: 0/17 MP: 4/4
  2471 | D:4      | Reached XP level 4. HP: 21/21 MP: 5/5
  2495 | D:4      | HP: 1/21 [poisoned by a worker ant]
  2500 | D:4      | Succumbed to a worker ant's poison

Skill      XL: |  1  2  3  4 |
---------------+-------------+-----
Dodging        | 4 5 6 |  6.1
Stealth        | 4 3 |  4.5
Fighting       | |  3.0
Unarmed Combat | |  3.0

Action                   |  1- 3 |  4- 6 || total
-------------------------+-------+-------++-------
Melee: Unarmed           |    95 |    65 ||   160
       Bite              |     5 |     6 ||    11
  Use: Potion            |       |     5 ||     5
 Stab: Sleeping          |    12 |     1 ||    13
  Eat: Chunk             |     2 |       ||     2
Armor: Skin              |     6 |     3 ||     9
Dodge: Dodged            |    89 |    58 ||   147
